AoeStats
← Cien Ojos

Arabia

505338486Analyzed
1v1 RM · 24d ago on Sep 8, 2026· 40m 46s· 2 players
Game mode
Random Map
Map size
Tiny (2 player)
Population
200
Speed
Normal
Resources
Standard
Victory
Conquest
Starting age
Dark Age
Ending age
Imperial Age
RankedLock teamsTeams togetherTeam positionsShared explorationLock speedFull tech treeHidden civsTurbo modeCheats
Victory
Defeat
🇦🇷 Bengalis · Argentina
1151
+16
🇦🇷 Persians · Argentina
1142
-16
Cien Ojos
6:18 Loom
8:45 Feudal Age
10:39 Horse Collar
10:54 Double-Bit Axe
15:00 Wheelbarrow
19:11 Castle Age
21:00 Husbandry
23:18 Bloodlines
24:24 Fervor
25:16 Bow Saw
26:42 Gold Mining
27:16 Town Watch
27:47 Scale Barding Armor
29:26 Heavy Plow
30:25 Gold Shaft Mining
29:43 Stone Mining
29:59 Fletching
30:20 Forging
30:30 Chain Barding Armor
29:35 Crossbowman
30:53 Thumb Ring
34:36 Imperial Age
33:31 Stone Shaft Mining
32:54 Bodkin Arrow
34:07 Iron Casting
33:52 Chain Barding Armor
33:36 Padded Archer Armor
33:59 Chain Barding Armor
34:54 Hand Cart
35:32 Iron Casting
35:13 Leather Archer Armor
34:23 Cavalier
35:50 Kamandaran
36:53 Plate Barding Armor
39:08 Blast Furnace
38:49 Ballistics
38:25 Murder Holes
39:32 Chemistry
38:52 Ballistics
39:47 Ring Archer Armor
theWarlock
6:21 Loom
9:28 Feudal Age
10:00 Double-Bit Axe
10:17 Horse Collar
20:53 Castle Age
19:27 Bloodlines
19:32 Scale Barding Armor
20:30 Forging
22:34 Bow Saw
22:26 Heavy Plow
24:42 Pikeman
27:38 Wheelbarrow
29:31 Hand Cart
34:14 Imperial Age
33:01 Chain Barding Armor
32:46 Husbandry
32:53 Town Watch
32:57 Town Watch
34:05 Iron Casting
33:39 Paiks
35:42 Plate Barding Armor
35:28 Elite Battle Elephant
37:11 Blast Furnace
37:42 Crop Rotation
37:31 Gold Mining
39:29 Two-Man Saw
40:57 Mahayana
40:58 Conscription
Connection lost

Rejoining the realm…

Still unreachable

The connection could not be restored.

Session expired

The server has moved on; the page needs a fresh start.